Match 46666559
Unlisted

Match 46666559
End
Pioneer Squad
Construct Infanterie Kompanie
Grenadier Squad
Grenadier Squad
Selects Italian Coastal Battlegroup
Selects Coastal Reserves
Coastal Reserve
Construct Luftwaffe Kompanie
Selects Designate Defensive Line
Designate Defensive Line
Jäger Squad
Selects Rapid Fortifications
Rapid Fortifications
Medical Bunker
Support Elements
Jäger Squad
Wirbelwind Flakpanzer
Rapid Fortifications
Selects Bulwark
Marder III M Tank Destroyer
MG 42 Bunker
Sniper
Selects Artillery Officer
Rapid Fortifications
MG 42 Bunker
Construct Panzer Kompanie
Selects Coastal Wall
Rapid Fortifications
MG 42 Bunker
Panzer IV Medium Tank
Rapid Fortifications
Marder III M Tank Destroyer
MG 42 Bunker
K̳itsuné
MasterStef
0
0

Comments sign in to comment!

No comments posted yet!